Map: Ruins of Endion

Players

FinnsoN

  • Race: Terran Terran
  • League: Master

AnDreJOO - Winner!

  • Race: Protoss Protoss
  • League: Master

VOD

Have the link to the VOD?

Description

Time

  • Played on: July 9, 2016, 6:30 p.m.
  • Length: 5:30
Show
View Real Time Build Order
Export as new Build Order

FinnsoN Terran 

Build Orders:  

Get SALT Encoding   

  12  0:00  SCV  
  13  0:12  SCV  
  14  0:18  Supply Depot  
  14  0:24  SCV  
  15  0:39  SCV  
  15  0:41  Barracks  
  16  0:46  Refinery  
  16  0:51  SCV  
  17  1:03  SCV  
  18  1:15  SCV  
  19  1:29  Orbital Command, Barracks Reactor  
  19  1:46  Command Center  
  19  1:53  Supply Depot  
  19  1:57  SCV  
  20  2:06  Marine x2  
  22  2:09  SCV  
  23  2:17  Factory  
  23  2:21  SCV  
  24  2:24  Marine x2  
  26  2:32  Refinery  
  26  2:33  SCV  
  27  2:42  Marine x2  
  29  2:45  SCV  
  30  2:57  SCV  
  31  2:59  Marine, Orbital Command  
  31  3:00  Marine  
  33  3:06  Starport  
  33  3:10  Factory Tech Lab  
  33  3:11  SCV  
  34  3:18  Marine  
  35  3:20  Marine  
  35  3:23  SCV  
  35  3:26  SCV  
  38  3:30  Cyclone  
  42  3:36  SCV  
  42  3:40  Supply Depot  
  43  3:42  SCV  
  43  3:46  Marine x2  
  46  3:52  Supply Depot  
  46  4:01  Medivac  
  46  4:02  SCV x2, Cyclone  
  54  4:14  Marine x2, SCV x2  
  58  4:18  Supply Depot  
  58  4:26  SCV  
  59  4:34  Marine  
  59  4:35  Marine  
  61  4:40  Siege Tank  
  61  4:41  Supply Depot, Command Center  
  61  4:42  SCV  
  61  4:44  SCV  
  69  4:54  SCV  
  69  4:59  Supply Depot  
  70  5:02  Marine x2  
  70  5:03  SCV  
  73  5:09  SCV  
Show
View Real Time Build Order
Export as new Build Order

AnDreJOO Protoss - Winner!

Build Orders: 1 Gate Expand, Dark Templar Rush 

Get SALT Encoding   

  12  0:00  Probe (Chrono Boost)  
  13  0:11  Probe (Chrono Boost)  
  14  0:18  Pylon  
  14  0:22  Probe (Chrono Boost)  
  15  0:36  Probe (Chrono Boost)  
  15  0:37  Gateway  
  15  0:42  Assimilator  
  16  0:46  Probe (Chrono Boost)  
  18  0:57  Probe (Chrono Boost)  
  18  1:07  Probe (Chrono Boost)  
  19  1:21  Nexus  
  19  1:24  Probe (Chrono Boost)  
  20  1:34  Cybernetics Core  
  20  1:37  Probe (Chrono Boost)  
  21  1:42  Assimilator  
  21  1:47  Probe (Chrono Boost)  
  21  1:53  Pylon  
  22  1:58  Probe (Chrono Boost)  
  23  2:11  Probe (Chrono Boost)  
  23  2:12  Adept (Chrono Boost)  
  23  2:13  Warp Gate  
  26  2:23  Probe  
  26  2:27  Robotics Facility  
  27  2:34  Probe (Chrono Boost)  
  27  2:35  Probe (Chrono Boost)  
  29  2:43  Twilight Council  
  29  2:45  Probe (Chrono Boost)  
  29  2:48  Probe (Chrono Boost)  
  31  2:56  Probe (Chrono Boost)  
  32  2:58  Probe (Chrono Boost)  
  33  3:07  Mothership Core (Chrono Boost)  
  33  3:09  Probe (Chrono Boost)  
  36  3:22  Warp Prism (Chrono Boost)  
  36  3:23  Probe  
  39  3:28  Dark Shrine  
  39  3:29  Probe  
  40  3:35  Pylon, Probe  
  40  3:39  Probe  
  42  3:47  Probe (Chrono Boost)  
  43  3:51  Probe (Chrono Boost)  
  43  3:53  Gateway  
  43  3:55  Gateway  
  44  3:59  Probe (Chrono Boost)  
  44  4:02  Probe (Chrono Boost)  
  46  4:03  Assimilator  
  46  4:05  Observer  
  46  4:08  Assimilator  
  46  4:09  Probe (Chrono Boost)  
  48  4:13  Pylon, Probe (Chrono Boost)  
  49  4:20  Nexus, Probe (Chrono Boost)  
  49  4:24  Pylon  
  50  4:25  Probe (Chrono Boost)  
  50  4:31  Probe (Chrono Boost)  
  52  4:35  Probe (Chrono Boost)  
  53  4:41  Probe (Chrono Boost)  
  53  4:43  Dark Templar  
  56  4:48  Dark Templar  
  56  4:50  Dark Templar  
  56  4:51  Probe (Chrono Boost)  
  56  4:52  Probe (Chrono Boost)  
  62  5:00  Pylon, Probe  
  63  5:08  Probe  
  63  5:11  Probe  
  65  5:16  Dark Templar  
Tags
 
Add a new tag
Caveats
  • Supply blocks, unpowered buildings, or Contaminate may cause inaccurate times.
  • Supply counts are checked every 10 seconds.